BR (22 & UNDER)
HARTFORD DARTH WHALERS @ ROY EAGLE SQUADRON
09/17/2029
 
TOP OF THE 1ST
Hartford Darth Whalers batting - Pitching for Roy Eagle Squadron : RHP Luis Orama
Pitching: RHP Luis Orama
Batting: LHB Ryan Billman 0-0: Single, Error in OF, E7, batter to second base
Batting: RHB Justin López 0-0: Ball
1-0: Called Strike
1-1: Ball
2-1: Foul Ball, location: 2F
2-2: 2-RUN HOME RUN (Line Drive, 7LD), Distance : 364 ft
Batting: LHB Steve Woods 0-0: Swinging Strike
0-1: Fly out, F7 (Flyball, 7)
Batting: LHB Bill Poe 0-0: Foul Ball, location: 2F
0-1: Ball
1-1: Foul Ball, location: 2F
1-2: Fly out, F5 (Popup, 5SF)
Batting: LHB Todd Gilliam 0-0: Ball
1-0: Ball
2-0: SINGLE (Line Drive, 34)
Batting: LHB Alejandro Gómez 0-0: Ball
1-0: Fly out, F8 (Flyball, 8RD)
Top of the 1st over - 2 runs, 3 hits, 1 error, 1 left on base; Hartford 2 - Roy 0
BOTTOM OF THE 1ST
Roy Eagle Squadron batting - Pitching for Hartford Darth Whalers : RHP Pete Booker
Pitching: RHP Pete Booker
Batting: RHB Kevin Hale 0-0: Foul Ball, location: 2F
0-1: Foul Ball, location: 2F
0-2: Fly out, F8 (Flyball, 8LM)
Batting: RHB Carl Curry 0-0: Foul Ball, location: 2F
0-1: Foul Ball, location: 2F
0-2: Strikes out looking
Batting: RHB Enrique Soto 0-0: Ball
1-0: Ball
2-0: Called Strike
2-1: Ball
3-1: SINGLE (Line Drive, 78S)
Batting: LHB Cisco Villanueva 0-0: Ball
1-0: Foul Ball, location: 2F
1-1: Ball
2-1: Reached on error, E7 (Flyball, 7S)
Enrique Soto to third
Batting: RHB Gabriel Byram 0-0: Ball
1-0: Called Strike
1-1: Ball
2-1: Swinging Strike
2-2: Strikes out swinging
Bottom of the 1st over - 0 runs, 1 hit, 1 error, 2 left on base; Hartford 2 - Roy 0
TOP OF THE 2ND
Hartford Darth Whalers batting - Pitching for Roy Eagle Squadron : RHP Luis Orama
Batting: LHB César Martínez 0-0: Swinging Strike
0-1: Called Strike
0-2: Ball
1-2: Strikes out looking
Batting: LHB Timothy Pierce 0-0: Fly out, F8 (Flyball, 8LD)
Batting: RHB Chester Mullins 0-0: Called Strike
0-1: Called Strike
0-2: Strikes out swinging
Top of the 2nd over - 0 runs, 0 hits, 0 errors, 0 left on base; Hartford 2 - Roy 0
BOTTOM OF THE 2ND
Roy Eagle Squadron batting - Pitching for Hartford Darth Whalers : RHP Pete Booker
Batting: LHB Larry Bradley 0-0: Called Strike
0-1: Called Strike
0-2: SINGLE (Line Drive, 4MD)
Batting: LHB Robinson González 0-0: SINGLE (Groundball, 4MD)
Larry Bradley to second
Batting: RHB Mark Morris 0-0: Ball
1-0: Foul Ball, location: 2F
1-1: Swinging Strike
1-2: Foul Ball, location: 2F
1-2: Foul Ball, location: 2F
1-2: Ball
2-2: Strikes out looking
Batting: RHB Juan Hernández 0-0: Called Strike
0-1: Ball
1-1: Fielders Choice at 2nd, 3-6 (Groundball, 34)
Larry Bradley to third
Batting: RHB Kevin Hale 0-0: Ball
1-0: Ball
Passed Ball!
Larry Bradley scores
Juan Hernández to second
2-0: Foul Ball, location: 2F
2-1: Ball
3-1: SINGLE (Flyball, 7S)
Juan Hernández to third
Runner from 3rd tries for Home, SAFE, no throw
Batting: RHB Carl Curry 0-0: Ball
1-0: Foul Ball, location: 2F
1-1: Foul Ball, location: 2F
1-2: Foul Ball, location: 2F
1-2: Foul Ball, location: 2F
1-2: 2-RUN HOME RUN (Flyball, 7LD), Distance : 361 ft
Batting: RHB Enrique Soto 0-0: DOUBLE (Line Drive, 78XD) - OUT at third base trying to stretch hit.
Bottom of the 2nd over - 4 runs, 5 hits, 0 errors, 0 left on base; Hartford 2 - Roy 4
TOP OF THE 3RD
Hartford Darth Whalers batting - Pitching for Roy Eagle Squadron : RHP Luis Orama
Batting: LHB Ryan Billman 0-0: DOUBLE (Line Drive, 7LM)
Batting: RHB Justin López 0-0: Ball
1-0: Called Strike
1-1: Ball
2-1: Ground out U3 (Groundball, 3)
Ryan Billman to third
Batting: LHB Steve Woods 0-0: Called Strike
0-1: Ball
1-1: Ball
2-1: SINGLE (Groundball, 4MD)
Ryan Billman scores
Batting: LHB Bill Poe 0-0: Called Strike
0-1: Ball
1-1: Called Strike
1-2: Fly out, F8 (Line Drive, 8LM)
Batting: LHB Todd Gilliam 0-0: Foul Ball, location: 2F
0-1: Fielders Choice at 2nd, 6-4 (Groundball, 6)
Top of the 3rd over - 1 run, 2 hits, 0 errors, 1 left on base; Hartford 3 - Roy 4
BOTTOM OF THE 3RD
Roy Eagle Squadron batting - Pitching for Hartford Darth Whalers : RHP Pete Booker
Batting: LHB Cisco Villanueva 0-0: Foul Ball, location: 2F
0-1: Ball
1-1: Ground out 6-3 (Groundball, 56)
Batting: RHB Gabriel Byram 0-0: Ball
1-0: Ball
2-0: Foul Ball, location: 2F
2-1: SINGLE (Line Drive, 4MD)
Batting: LHB Larry Bradley 0-0: Foul Ball, location: 2F
0-1: Ball
1-1: Fly out, F7 (Flyball, 78S)
Batting: LHB Robinson González 0-0: Ball
1-0: Called Strike
1-1: Ball
2-1: Swinging Strike
2-2: Ground out 4-3 (Groundball, 4)
Bottom of the 3rd over - 0 runs, 1 hit, 0 errors, 1 left on base; Hartford 3 - Roy 4
TOP OF THE 4TH
Hartford Darth Whalers batting - Pitching for Roy Eagle Squadron : RHP Luis Orama
Batting: LHB Alejandro Gómez 0-0: Ball
1-0: Foul Ball, location: 2F
1-1: Foul Ball, location: 2F
1-2: SOLO HOME RUN (Flyball, 9LD), Distance : 334 ft
Batting: LHB César Martínez 0-0: Ball
1-0: Ball
2-0: Ground out 4-3 (Groundball, 4)
Batting: LHB Timothy Pierce 0-0: Called Strike
0-1: Ball
1-1: Ball
2-1: Ground out U3 (Groundball, 34)
Batting: RHB Chester Mullins 0-0: Swinging Strike
0-1: Ball
1-1: Ball
2-1: Ball
3-1: Foul Ball, location: 2F
3-2: Foul Ball, location: 2F
3-2: Strikes out swinging
Top of the 4th over - 1 run, 1 hit, 0 errors, 0 left on base; Hartford 4 - Roy 4
BOTTOM OF THE 4TH
Roy Eagle Squadron batting - Pitching for Hartford Darth Whalers : RHP Pete Booker
Batting: RHB Mark Morris 0-0: Called Strike
0-1: Ball
1-1: Ball
2-1: Foul Ball, location: 2F
2-2: Strikes out looking
Batting: RHB Juan Hernández 0-0: Called Strike
0-1: Called Strike
0-2: Foul Ball, location: 2F
0-2: Strikes out looking
Batting: RHB Kevin Hale 0-0: Ball
1-0: Swinging Strike
1-1: Ball
2-1: Ball
3-1: Base on Balls
Batting: RHB Carl Curry 0-0: Ball
1-0: SINGLE (Flyball, 7LS)
Kevin Hale to second
Batting: RHB Enrique Soto 0-0: Called Strike
0-1: Ground out 6-3 (Groundball, 6D)
Bottom of the 4th over - 0 runs, 1 hit, 0 errors, 2 left on base; Hartford 4 - Roy 4
TOP OF THE 5TH
Hartford Darth Whalers batting - Pitching for Roy Eagle Squadron : RHP Luis Orama
Batting: LHB Ryan Billman 0-0: Called Strike
0-1: Foul Ball, location: 2F
0-2: Ball
1-2: DOUBLE (Groundball, 3L)
Batting: RHB Justin López 0-0: Called Strike
0-1: Ball
1-1: Foul Ball, location: 2F
1-2: Foul Ball, location: 2F
1-2: Ball
2-2: Reached on error, E5 (Groundball, 56S)
Ryan Billman scores
Batting: LHB Steve Woods 0-0: Foul Ball, location: 2F
0-1: Ball
1-1: Swinging Strike
1-2: 2-RUN HOME RUN (Flyball, 89XD), Distance : 431 ft
Batting: LHB Bill Poe 0-0: Called Strike
0-1: Swinging Strike
0-2: Ball
1-2: Ground out 1-3 (Groundball, 13S)
Batting: LHB Todd Gilliam 0-0: Ball
1-0: Called Strike
1-1: Ball
2-1: Ball
3-1: Swinging Strike
3-2: Ground out 3-1 (Groundball, 34)
Batting: LHB Alejandro Gómez 0-0: Ball
1-0: SINGLE (Line Drive, 56D)
Pitching: LHP Jason Mills
Batting: LHB César Martínez 0-0: Swinging Strike
0-1: Ball
1-1: Ball
2-1: Swinging Strike
2-2: Ball
3-2: Strikes out swinging
Top of the 5th over - 3 runs, 3 hits, 1 error, 1 left on base; Hartford 7 - Roy 4
BOTTOM OF THE 5TH
Roy Eagle Squadron batting - Pitching for Hartford Darth Whalers : RHP José Francisco
Pitching: RHP José Francisco
Batting: LHB Cisco Villanueva 0-0: Ball
1-0: Foul Ball, location: 2F
1-1: Foul Ball, location: 2F
1-2: Ball
2-2: Ball
3-2: DOUBLE (Line Drive, 9LM)
Batting: RHB Gabriel Byram 0-0: Ball
1-0: Ground out 6-3 (Groundball, 6)
Cisco Villanueva to third
Batting: LHB Larry Bradley 0-0: Fly out, F7 (Flyball, 78S)
Runner from 3rd tags up, SCORES, no throw
Batting: LHB Robinson González 0-0: Foul Ball, location: 2F
0-1: Called Strike
0-2: Ball
1-2: Ball
2-2: Ball
3-2: Base on Balls
Batting: RHB Mark Morris 0-0: Hit by Pitch
Robinson González to second
Batting: RHB Juan Hernández 0-0: Ball
1-0: Ball
2-0: Called Strike
2-1: Foul Ball, location: 2F
2-2: Foul Ball, location: 2F
2-2: Strikes out swinging
Bottom of the 5th over - 1 run, 1 hit, 0 errors, 2 left on base; Hartford 7 - Roy 5
TOP OF THE 6TH
Hartford Darth Whalers batting - Pitching for Roy Eagle Squadron : LHP Jason Mills
Batting: LHB Timothy Pierce 0-0: Ball
1-0: Swinging Strike
1-1: Ball
2-1: Foul Ball, location: 2F
2-2: Ball
3-2: Strikes out swinging
Batting: RHB Chester Mullins 0-0: Ball
1-0: Ball
2-0: Foul Ball, location: 2F
2-1: Ball
3-1: Ground out 5-3 (Groundball, 56)
Batting: LHB Ryan Billman 0-0: Ball
1-0: Ball
2-0: Called Strike
2-1: Ball
3-1: SINGLE (Line Drive, 8RS)
Batting: RHB Justin López 0-0: Ball
1-0: Called Strike
1-1: Foul Ball, location: 2F
1-2: Reached on error, E5 (Groundball, 56)
Ryan Billman to second
Batting: LHB Steve Woods 0-0: Ball
1-0: Fielders Choice at 2nd, 6-4 (Groundball, 6)
Top of the 6th over - 0 runs, 1 hit, 1 error, 2 left on base; Hartford 7 - Roy 5
BOTTOM OF THE 6TH
Roy Eagle Squadron batting - Pitching for Hartford Darth Whalers : RHP José Francisco
Batting: RHB Kevin Hale 0-0: Ball
1-0: Called Strike
1-1: Fly out, F6 (Popup, 6M)
Batting: RHB Carl Curry 0-0: Ground out 5-3 (Groundball, 56)
Batting: RHB Enrique Soto 0-0: DOUBLE (Line Drive, 78XD)
Batting: LHB Cisco Villanueva 0-0: Ball
1-0: Called Strike
1-1: Foul Ball, location: 2F
1-2: Ball
2-2: Ground out 6-3 (Groundball, 6S)
Bottom of the 6th over - 0 runs, 1 hit, 0 errors, 1 left on base; Hartford 7 - Roy 5
TOP OF THE 7TH
Hartford Darth Whalers batting - Pitching for Roy Eagle Squadron : LHP Jason Mills
Batting: LHB Bill Poe 0-0: Ball
1-0: Called Strike
1-1: Fly out, F4 (Line Drive, 4)
Batting: LHB Todd Gilliam 0-0: Ball
1-0: Foul Ball, location: 2F
1-1: Foul Ball, location: 2F
1-2: Ball
2-2: Fly out, F7 (Flyball, 7S)
Batting: LHB Alejandro Gómez 0-0: Called Strike
0-1: Swinging Strike
0-2: Ball
1-2: SINGLE (Line Drive, 4D)
Batting: LHB César Martínez 0-0: Called Strike
0-1: Ball
1-1: Foul Ball, location: 2F
1-2: Ball
2-2: Strikes out swinging
Top of the 7th over - 0 runs, 1 hit, 0 errors, 1 left on base; Hartford 7 - Roy 5
BOTTOM OF THE 7TH
Roy Eagle Squadron batting - Pitching for Hartford Darth Whalers : RHP José Francisco
Batting: RHB Gabriel Byram 0-0: Called Strike
0-1: SINGLE (Groundball, 34) (infield hit)
Batting: LHB Larry Bradley 0-0: Ball
1-0: Ball
2-0: Foul Ball, location: 2F
2-1: Foul Ball, location: 2F
2-2: Ball
3-2: 2-RUN HOME RUN (Flyball, 7LD), Distance : 368 ft
Pitching: RHP Jesús Álvarez
Batting: LHB Robinson González 0-0: Ball
1-0: Ball
2-0: Swinging Strike
2-1: Ball
3-1: Foul Ball, location: 2F
3-2: SINGLE (Groundball, 6MD)
Pinch Hitting: LHB Octávio Otero 0-0: Foul Ball, location: 2F
0-1: Ball
1-1: Ball
2-1: Sac Bunt - play at first, batter OUT! 5-4
Robinson González to second
Pinch Hitting: RHB Dan Duckworth 0-0: Intentional Walk
Pinch Hitting: LHB Quinn Webb 0-0: Called Strike
0-1: Ball
1-1: Foul Ball, location: 2F
1-2: Foul Ball, location: 2F
1-2: Foul Ball, location: 2F
1-2: Foul Ball, location: 2F
1-2: Ball
2-2: Strikes out swinging
Batting: RHB Carl Curry 0-0: Ball
1-0: Called Strike
1-1: Called Strike
1-2: Foul Ball, location: 2F
1-2: Ball
2-2: SINGLE (Flyball, 78S)
Robinson González to third
Dan Duckworth to second
Runner from 3rd tries for Home, SAFE, no throw
Batting: RHB Enrique Soto 0-0: Called Strike
0-1: Ball
1-1: Ball
2-1: Ball
3-1: 3-RUN HOME RUN (Flyball, 9LD), Distance : 361 ft
Pitching: RHP Harry Bryant
Batting: LHB Cisco Villanueva 0-0: Ball
1-0: SINGLE (Line Drive, 6MD)
Batting: RHB Gabriel Byram 0-0: Fly out, F4 (Line Drive, 4M)
Bottom of the 7th over - 6 runs, 6 hits, 0 errors, 1 left on base; Hartford 7 - Roy 11
TOP OF THE 8TH
Hartford Darth Whalers batting - Pitching for Roy Eagle Squadron : LHP Jason Mills
Now at 3B: Ryan Campbell
Now at SS: Merlin Dobbin
Now in LF: Quinn Webb
Batting: LHB Timothy Pierce 0-0: Ball
1-0: Ball
2-0: Ball
3-0: Called Strike
3-1: Called Strike
3-2: Ground out 4-3 (Groundball, 34)
Batting: RHB Chester Mullins 0-0: Ball
1-0: Ball
2-0: Ball
3-0: Called Strike
3-1: SINGLE (Groundball, 56D)
Batting: LHB Ryan Billman 0-0: Ball
1-0: Ball
2-0: Called Strike
2-1: Called Strike
2-2: Strikes out swinging
Pitching: LHP Guonçallo Caldas
Batting: RHB Justin López 0-0: Called Strike
0-1: Fly out, F9 (Flyball, 9)
Top of the 8th over - 0 runs, 1 hit, 0 errors, 1 left on base; Hartford 7 - Roy 11
BOTTOM OF THE 8TH
Roy Eagle Squadron batting - Pitching for Hartford Darth Whalers : RHP Harry Bryant
Batting: LHB Larry Bradley 0-0: Ball
1-0: Ball
2-0: Ball
3-0: Called Strike
3-1: Foul Ball, location: 2F
3-2: Foul Ball, location: 2F
3-2: Base on Balls
Batting: LHB Robinson González 0-0: Ball
1-0: Called Strike
1-1: Foul Ball, location: 2F
1-2: SINGLE (Groundball, 56D)
Larry Bradley to second
Batting: RHB Ryan Campbell 0-0: Ball
1-0: SINGLE (Flyball, 9S)
Larry Bradley to third
Robinson González to second
Runner from 3rd tries for Home, SAFE, throw made home
Batting: RHB Merlin Dobbin 0-0: Fly out, F5 (Line Drive, 5)
Batting: LHB Quinn Webb 0-0: Ball
1-0: Swinging Strike
1-1: Ball
2-1: Ball
3-1: Fly out, F7 (Flyball, 7)
Batting: RHB Carl Curry 0-0: Called Strike
0-1: Ball
1-1: Swinging Strike
1-2: Strikes out swinging
Bottom of the 8th over - 1 run, 2 hits, 0 errors, 2 left on base; Hartford 7 - Roy 12
TOP OF THE 9TH
Hartford Darth Whalers batting - Pitching for Roy Eagle Squadron : LHP Guonçallo Caldas
Batting: LHB Steve Woods 0-0: Called Strike
0-1: Ball
1-1: Ball
2-1: Called Strike
2-2: Ball
3-2: Fly out, F8 (Flyball, 8LD)
Batting: LHB Bill Poe 0-0: Called Strike
0-1: Fly out, F6 (Popup, 4M)
Batting: LHB Todd Gilliam 0-0: Fly out, F7 (Flyball, 7LM)
Top of the 9th over - 0 runs, 0 hits, 0 errors, 0 left on base; Hartford 7 - Roy 12
Saturday, December 16th, 2017 - OOTP Baseball 18.8 Build 76